 Dungeon Crawl Stone Soup version 0.30-a0-726-gd89dcf765f (webtiles) character file.

Game seed: 17328813875440893757

801 ASSMAN the Carver (level 7, -2/50 HPs)
             Began as a Merfolk Gladiator on Jan 29, 2023.
             Was an Initiate of Okawaru.
             Killed by nerve-wracking pain
             ... invoked by a shadow imp
              (8 damage)
             ... on level 5 of the Dungeon.
             The game lasted 00:05:02 (3468 turns).

ASSMAN the Carver (Merfolk Gladiator)               Turns: 3468, Time: 00:05:03

Health: -2/50      AC:  4    Str: 14    XL:     7   Next: 90%
Magic:  7/7        EV: 13    Int:  8    God:    Okawaru [......]
Gold:   124        SH:  0    Dex: 17    Spells: 6/6 levels left

rFire   . . .      SeeInvis .    a - +0 long sword
rCold   . . .      Faith    .    (no shield)
rNeg    . . .      Spirit   .    b - +0 leather armour
rPois   .          Reflect  .    c - +0 helmet
rElec   .          Harm     .    (no cloak)
rCorr   .          Rampage  .    (no gloves)
Will    .....                    (no boots)
Stlth   +                        (no amulet)
HPRegen 0.28/turn                (no ring)
MPRegen 0.10/turn                (no ring)

@: mighty
A: (nimble swimmer 2), mertail
a: Renounce Religion


You were on level 5 of the Dungeon.
You worshipped Okawaru.
Okawaru was noncommittal.
You visited 2 branches of the dungeon, and saw 6 of its levels.

You collected 124 gold pieces.

Inventory:

Hand Weapons
 a - a +0 long sword (weapon)
Missiles
 e - a javelin (quivered)
Armour
 b - a +0 leather armour (worn)
 c - a +0 helmet (worn)
Scrolls
 d - a scroll of noise {unknown}
 f - a scroll of fog {unknown}
 h - 2 scrolls of blinking
 i - 4 scrolls of identify {unknown}
 j - a scroll of silence {unknown}
 l - a scroll of immolation {unknown}
 m - a scroll of enchant armour {unknown}
 o - a scroll of brand weapon {unknown}
 p - a scroll of magic mapping {unknown}
Potions
 k - a potion of flight {unknown}
 n - a potion of experience {unknown}
 q - a potion of invisibility {unknown}


   Skills:
 - Level 2.1 Fighting
 + Level 10.8 Long Blades
 - Level 2.0 Throwing
 - Level 4.0 Dodging


You had 6 spell levels left.
You didn't know any spells.
Your spell library contained the following spells:

 Spells                   Type           Power      Damage    Failure   Level
 Apportation              Tloc           0%         N/A       50%         1
 Freeze                   Ice            0%         1d3       50%         1
 Slow                     Hex            0%         N/A       50%         1
 Confusing Touch          Hex            0%         N/A       86%         3
 Frozen Ramparts          Ice            0%         1d1       86%         3
 Hailstorm                Conj/Ice       0%         3d3       86%         3
 Ignite Poison            Fire/Tmut/Pois 0%         N/A       86%         3
 Kindle Blastsparks       Fire/Tloc/Air  0%         2d10      86%         3
 Vampiric Draining        Necr           0%         2d6       86%         3
 Alistair's Intoxication  Tmut/Pois      0%         N/A       100%        5
 Borgnjor's Vile Clutch   Necr/Erth      0%         N/A       100%        5
 Freezing Cloud           Conj/Ice/Air   0%         6-21      100%        5
 Animate Dead             Necr           Unusable   N/A       N/A         4
 Death Channel            Necr           Unusable   N/A       N/A         6

Dungeon Overview and Level Annotations

Branches:
Dungeon (5/15)             Temple (1/1) D:4

Altars:
Elyvilon
Gozag
Hepliaklqana
Kikubaaqudgha
Makhleb
Okawaru
Qazlal
Ru
Trog
Uskayaw
Vehumet
Wu Jian
Xom


Innate Abilities, Weirdness & Mutations

((You are very nimble when in or above water. (Stealth+, EV+, Speed+++)))
Your lower body shifts to a powerful aquatic tail in water.


Message History

You kill the orc!
Okawaru accepts your kill.
The orc wizard gestures wildly while chanting.
The orc wizard flickers and vanishes!
Deactivating autopickup; reactivate with Ctrl-A.
The shadow imp hits you but does no damage.
You slash the bullfrog!
The bullfrog is heavily wounded.
The bullfrog closely misses you.
A black bear comes into view.
The shadow imp closely misses you. The bullfrog misses you.
You barely miss the bullfrog.
The bullfrog is heavily wounded.
The sentinel's mark upon you fades away.
The bullfrog hits you.
* * * LOW HITPOINT WARNING * * *
The shadow imp barely misses you.
You slash the bullfrog!
You kill the bullfrog!
Okawaru accepts your kill. The shadow imp closely misses you.
You slash the black bear!
The black bear is heavily wounded.
A scorpion comes into view.
The black bear closely misses you.
The black bear claws you but does no damage.
The black bear claws you.
* * * LOW HITPOINT WARNING * * *
The shadow imp hits you.
* * * LOW HITPOINT WARNING * * *
You slash the black bear!
You kill the black bear!
Okawaru accepts your kill. The shadow imp barely misses you.
You slash the orc!
You kill the orc!
Okawaru accepts your kill. The shadow imp gestures at you.
Pain shoots through your body!
You die...

#.....†........
##.........#..!
##...#....#.#
#####.##...##
#os.....##
#o###....#
#{o......#
#5##.....# #@#
..... #)# ....
#.......o..
....###o....
####.# ... #.#
#.# ..# .##


You could see a scorpion, a shadow imp and 3 orcs.

Vanquished Creatures
  Grinder (D:4)
  A black bear (D:5)
  A bullfrog (D:5)
  3 scorpions
  An orc priest (D:4)
  Terence (D:2)
  3 orc wizards
  7 adders
  A worm (D:3)
  A dart slug (D:3)
  12 orcs
  2 bats
  8 endoplasms
  2 giant cockroaches
  7 goblins
  5 hobgoblins
  6 kobolds
  3 quokkas
  6 ball pythons
  2 frilled lizards
  4 rats
77 creatures vanquished.

Vanquished Creatures (others)
  A plant (D:2)
1 creature vanquished.

Grand Total: 78 creatures vanquished

Notes
Turn   | Place    | Note
-------+----------+-------------------------------------------
     0 | D:1      | ASSMAN the Merfolk Gladiator began the quest for the Orb.
     0 | D:1      | Reached XP level 1. HP: 16/16 MP: 1/1
    88 | D:1      | Found a faded altar of an unknown god.
   191 | D:1      | Reached skill level 4 in Long Blades
   232 | D:1      | Reached XP level 2. HP: 22/22 MP: 2/2
   827 | D:2      | Reached skill level 5 in Long Blades
   827 | D:2      | Reached XP level 3. HP: 25/27 MP: 3/3
   836 | D:2      | Noticed Terence
   855 | D:2      | Killed Terence
   935 | D:2      | Reached XP level 4. HP: 33/33 MP: 4/4
  1044 | D:2      | Reached skill level 6 in Long Blades
  2254 | D:4      | Noticed a scorpion
  2265 | D:4      | Killed a scorpion
  2266 | D:4      | Reached skill level 7 in Long Blades
  2266 | D:4      | Reached XP level 5. HP: 36/38 MP: 5/5
  2410 | D:4      | Reached XP level 6. HP: 21/44 MP: 6/6
  2597 | D:4      | Reached skill level 8 in Long Blades
  2688 | D:4      | Noticed Grinder
  2699 | D:4      | Paralysed by Grinder for 4 turns
  2731 | D:4      | Paralysed by Grinder for 2 turns
  2735 | D:4      | Killed Grinder
  2736 | D:4      | Reached skill level 9 in Long Blades
  2736 | D:4      | Reached XP level 7. HP: 6/50 MP: 7/7
  2925 | D:4      | Upgraded the game from 0.30-a0-723-gc1506a1cf0 to
                  | 0.30-a0-726-gd89dcf765f
  3025 | D:4      | Found a sacrificial altar of Ru.
  3118 | D:4      | Found a staircase to the Ecumenical Temple.
  3235 | Temple   | Entered the Ecumenical Temple
  3241 | Temple   | Became a worshipper of Warmaster Okawaru
  3408 | D:5      | Entered Level 5 of the Dungeon
  3451 | D:5      | Reached skill level 10 in Long Blades
  3468 | D:5      | Killed from afar by a shadow imp

Illustrated notes

Levels and vault maps discovered:
D:1:      heliophobic_arrival_battle_scene, layout_basic, basic_ecumenical_altar
D:2:      layout_rooms, serial_forest, infiniplex_forest_clump_cross,
          infiniplex_forest_lined_2, infiniplex_forest_clump_cross,
          infiniplex_forest_lined_2, infiniplex_forest_lined_room_3,
          infiniplex_forest_end_2, infiniplex_forest_end_3,
          infiniplex_forest_end_3, infiniplex_forest_corner_2, uniq_terence
D:3:      layout_basic, kennysheep_nondescript, hangedman_decor_push
D:4:      layout_basic, nicolae_ru_great_annihilating_truth,
          minmay_temple_entry_hall, uniq_grinder
D:5:      layout_rooms
Temple:   nicolae_temple_no_exploring_needed

Skill      XL: |  1  2  3  4  5  6  7 |
---------------+----------------------+-----
Long Blades    | 4 5 7 9 10 | 10.8
Fighting       | |  2.1
Throwing       | |  2.0
Dodging        | |  4.0

Action                     |  1- 3 |  4- 6 |  7- 9 || total
---------------------------+-------+-------+-------++-------
  Melee: Long sword        |    57 |   140 |    60 ||   257
         Punch             |       |     4 |       ||     4
  Throw: Throwing net      |       |     4 |       ||     4
    Use: Scroll            |     1 |       |       ||     1
         Potion            |       |     3 |     1 ||     4
   Stab: Sleeping          |     2 |       |       ||     2
         Held in net/web   |       |     1 |       ||     1
         Invisible         |       |       |     1 ||     1
         Paralysed         |       |       |     1 ||     1
 Armour: Leather armour    |     9 |    33 |    11 ||    53
  Dodge: Dodged            |    50 |    74 |    44 ||   168

Table legend: (Time is in decaauts)
 A = Elapsed time spent in this place.
 B = Non-inter-level travel time spent in this place.
 C = Inter-level travel time spent in this place.
 D = Time resting spent in this place.
 E = Time spent auto-exploring this place.
 F = Levels seen in this place.
 G = Mean time per level.
                   A        B        C        D        E       F      G
               +--------+--------+--------+--------+--------+-----+--------+
         Total |   3477 |   3352 |    125 |    156 |   2664 |   6 |  579.5 |
       Dungeon |   3466 |   3351 |    115 |    156 |   2664 |   5 |  693.2 |
        Temple |     11 |      1 |     10 |      0 |      0 |   1 |   11.0 |
               +--------+--------+--------+--------+--------+-----+--------+

Top non-repeatable levels by time:
     D:4: 1198 daAuts
     D:1: 819 daAuts
     D:3: 705 daAuts
     D:2: 687 daAuts
     D:5: 55 daAuts
  Temple: 11 daAuts
